 Dungeon Crawl Stone Soup version 0.21-a0-529-g8c7b3f5d53 (webtiles) character file.

119 JackS81 the Firebug (level 4, -2/35 HPs)
             Began as a Draconian Fire Elementalist on Dec 10, 2017.
             Slain by JackS81's ghost (8 damage)
             ... on level 3 of the Dungeon.
             The game lasted 00:12:33 (1979 turns).

JackS81 the Firebug (Draconian Fire Elementalist)   Turns: 1979, Time: 00:12:34

Health: -2/35      AC:  6    Str: 10    XL:     4   Next: 74%
Magic:  3/7        EV: 12    Int: 16    God:
Gold:   141        SH:  0    Dex: 12    Spells: 1/7 levels left

rFire    . . .     SeeInvis .   c - +0 short sword
rCold    . . .     Gourm    .   (no shield)
rNeg     . . .     Faith    .   (armour unavailable)
rPois    .         Spirit   .   (helmet restricted)
rElec    .         Reflect  .   m - +0 cloak
rCorr    .         Harm     .   (no gloves)
MR       .....                  (no boots)
Stlth    ++........             j - amulet of magic regeneration
HPRegen  0.11/turn              (no ring)
MPRegen  0.35/turn              (no ring)

@: very slightly contaminated
A: unfitting armour, cold-blooded, AC +5
a: no special abilities


You were on level 3 of the Dungeon.
You were not hungry.

You visited 1 branch of the dungeon, and saw 3 of its levels.

You collected 141 gold pieces.

Inventory:

Hand Weapons
 c - a +0 short sword (weapon)
Missiles
 k - 82 arrows
Armour
 m - a +0 cloak (worn)
Jewellery
 j - an amulet of magic regeneration (around neck)
Scrolls
 d - a scroll of identify {unknown}
 e - 4 scrolls of remove curse {unknown}
 f - a scroll of fear {unknown}
 n - a scroll of immolation {unknown}
 q - a scroll of random uselessness {unknown}
Potions
 i - 2 potions of berserk rage {unknown}
 l - a potion of flight {unknown}
 o - a potion of resistance {unknown}
Books
 a - a book of Flames

   Spells                             Type                      Level
   a - Flame Tongue                   Conjuration/Fire             1
   b - Throw Flame                    Conjuration/Fire             2
   c - Conjure Flame                  Conjuration/Fire             3
   d - Inner Flame                    Hexes/Fire                   3
   e - Sticky Flame                   Conjuration/Fire             4
   f - Fireball                       Conjuration/Fire             5
Comestibles
 b - 2 bread rations
 g - 7 fruits
 h - a royal jelly
 p - 2 chunks of flesh


   Skills:
 - Level 1.0 Fighting
 - Level 1.0 Short Blades
 + Level 1.8 Dodging
 - Level 1.7 Stealth
 - Level 2.2 Spellcasting
 - Level 2.0 Conjurations
 + Level 4.6 Fire Magic


You had one spell level left.
You knew the following spells:

 Your Spells              Type           Power        Failure   Level  Hunger
a - Flame Tongue          Conj/Fire      ##...        4%          1    #......
b - Throw Flame           Conj/Fire      ##....       8%          2    ###....
c - Conjure Flame         Conj/Fire      ##......     16%         3    ###....


Dungeon Overview and Level Annotations

Branches:
Dungeon (3/15)

Altars:
Dithmenos

Annotations:
D:3 JackS81's ghost, amateur GrFi


Innate Abilities, Weirdness & Mutations

Your plain brown scales are hard. (AC +5)
You cannot fit into any form of body armour.
You are cold-blooded and may be slowed by cold attacks.


Message History

JackS81's ghost barely misses you.
Casting: Flame Tongue
Confirm with . or Enter, or press ? or * to list all spells.
Aiming: Flame Tongue
Press: ? - help, Shift-Dir - straight line, f/p - JackS81's ghost
Aim: JackS81's ghost (heavily damaged)
The flame tongue hits JackS81's ghost.
JackS81's ghost appears unharmed.
JackS81's ghost is heavily damaged.
JackS81's ghost misses you.
Things that are here:
a club; a goblin skeleton
Casting: Flame Tongue
Confirm with . or Enter, or press ? or * to list all spells.
Aiming: Flame Tongue
Press: ? - help, Shift-Dir - straight line, f/p - JackS81's ghost
Aim: JackS81's ghost (heavily damaged)
You miscast Flame Tongue.
You are very lightly contaminated with residual magic.
Nothing appears to happen.
JackS81's ghost hits you!
You die...

#### ..# ## #.##.##
####.#.#.## #
#.......#.#
#.##.##.#...# #####
#.......##.####
....######.##...W...#
.......)...##.##@##.#
....#########.##.##.#
....# #.##..#.##
....# #........#
....# #..##.#..#
....# #........#
....# #..#..#..#
....# #..#.##..#
###.# #........#


You could see JackS81's ghost.

Vanquished Creatures
  3 gnolls (D:3)
  An adder (D:2)
  3 oozes
  2 dart slugs (D:1)
  4 leopard geckos
  An orc (D:3)
  5 bats
  3 giant cockroaches
  10 goblins
  8 hobgoblins
  2 quokkas
  2 ball pythons
  4 frilled lizards
  6 kobolds
  7 rats
61 creatures vanquished.

Notes
Turn   | Place    | Note
-------+----------+-------------------------------------------
     0 | D:1      | JackS81 the Draconian Fire Elementalist began the quest for the Orb.
     0 | D:1      | Reached XP level 1. HP: 14/14 MP: 3/3
   241 | D:1      | Reached XP level 2. HP: 20/20 MP: 3/5
   245 | D:1      | Learned a level 2 spell: Throw Flame
   426 | D:1      | Reached skill level 4 in Fire Magic
   489 | D:1      | Reached XP level 3. HP: 23/26 MP: 0/6
   545 | D:1      | Learned a level 3 spell: Conjure Flame
  1030 | D:2      | Found a shadowy altar of Dithmenos.
  1509 | D:2      | Reached XP level 4. HP: 33/33 MP: 4/7
  1838 | D:3      | Reached skill level 1 in Short Blades
  1934 | D:3      | Noticed JackS81's ghost (amateur GrFi)
  1958 | D:3      | Reached skill level 1 in Fighting
  1979 | D:3      | Slain by JackS81's ghost

Vault maps used:
D:1:      dpeg_arrival_chase
D:2:      nicolae_overflow_crystal_walls, minmay_close_crescents

Skill      XL: |  1  2  3  4 |
---------------+-------------+-----
Fire Magic     | 4 |  4.6
Short Blades   | 1 |  1.0
Conjurations   | 2 |  2.0
Fighting       | 1 |  1.0
Dodging        | |  1.8
Stealth        | |  1.7
Spellcasting   | |  2.2

Action                   |  1- 3 |  4- 6 || total
-------------------------+-------+-------++-------
Melee: Short sword       |    36 |       ||    36
       Tailslap          |     3 |       ||     3
 Cast: Flame Tongue      |    62 |    38 ||   100
       Throw Flame       |     6 |    10 ||    16
 Stab: Sleeping          |     2 |       ||     2
  Eat: Chunk             |     4 |     2 ||     6
Armor: Skin              |    21 |     1 ||    22
Dodge: Dodged            |    43 |    12 ||    55

Table legend:
 A = Spawn XP
 B = Non-spawn XP
 C = Spawn XP percentage of total XP
 D = Spawn monster count
 E = Non-spawn monster count
 F = Spawn count percentage of total count
 G = Total turns spent on level
                    A         B        C        D         E        F      G
               +---------+---------+-------+---------+---------+-------+---------
         Total |       0 |     171 |   0.0 |       0 |      61 |   0.0 |  1979
               +---------+---------+-------+---------+---------+-------+---------
           D:1 |       0 |      56 |   0.0 |       0 |      27 |   0.0 |   831
           D:2 |       0 |      41 |   0.0 |       0 |      19 |   0.0 |   841
           D:3 |       0 |      74 |   0.0 |       0 |      15 |   0.0 |   307
               +---------+---------+-------+---------+---------+-------+---------
